 Dungeon Crawl Stone Soup version 0.24-a0-789-g35933f4585 (webtiles) character file.

Game seed: 17527557843248170906, levelgen mode: deterministic

329 Kohma the Caller (level 6, -5/41 HPs)
             Began as a Merfolk Summoner on Oct 10, 2019.
             Slain by Menkaure (17 damage)
             ... on level 4 of the Dungeon.
             The game lasted 00:16:28 (5162 turns).

Kohma the Caller (Merfolk Summoner)                 Turns: 5162, Time: 00:16:28

Health: -5/41      AC:  6    Str:  6    XL:     6   Next: 50%
Magic:  5/11       EV: 11    Int: 16    God:
Gold:   35         SH:  0    Dex: 10    Spells: 5/12 levels left

rFire    . . .     SeeInvis .   y - +5 mace "Arcanum" {flame, MR++ Dex-4}
rCold    . . .     Gourm    .   (no shield)
rNeg     . . .     Faith    .   i - +0 leather armour
rPois    +         Spirit   .   (no helmet)
rElec    .         Reflect  .   x - +2 cloak {rPois}
rCorr    .         Harm     .   (no gloves)
MR       +++..                  (no boots)
Stlth    ++........             (no amulet)
HPRegen  0.13/turn              d - -3 ring of strength (curse)
MPRegen  0.12/turn              p - ring of protection from magic

@: very slightly contaminated
A: change form in water, swift swim, stealthy swim
a: no special abilities


You were on level 4 of the Dungeon.
You were not hungry.

You visited 1 branch of the dungeon, and saw 4 of its levels.

You collected 110 gold pieces.
You spent 75 gold pieces at shops.

Inventory:

Hand Weapons
 u - a +0 trident
 w - a +0 spear of venom
 y - the +5 mace "Arcanum" (weapon) {flame, MR++ Dex-4}
   (You found it on level 4 of the Dungeon)

   It has been specially enchanted to burn those struck by it, causing extra
   injury to most foes and up to half again as much damage against particularly
   susceptible opponents.
   It affects your dexterity (-4).
   It affects your resistance to hostile enchantments.
Missiles
 k - 17 sling bullets
 v - 2 silver boomerangs (quivered)
 z - 8 poisoned darts
Armour
 a - a +0 robe
 i - a +0 leather armour (worn)
 t - a +0 ring mail
 x - a +2 cloak of poison resistance (worn)
Jewellery
 d - a cursed -3 ring of strength (left hand)
 p - a ring of protection from magic (right hand)
 A - a cursed ring of teleportation {unknown}
Scrolls
 b - 5 scrolls of identify
 e - 2 scrolls of magic mapping {unknown}
 f - 3 scrolls of amnesia {unknown}
 g - 2 scrolls of fog {unknown}
 h - 2 scrolls of random uselessness {unknown}
 j - a scroll of enchant weapon {unknown}
 m - 5 scrolls of remove curse {unknown}
 r - a scroll of teleportation {unknown}
 s - 2 scrolls of immolation {unknown}
Potions
 l - a potion of cancellation
 n - a potion of brilliance
 q - 2 potions of heal wounds
 B - a potion of flight {unknown}
Comestibles
 c - 8 rations
 o - a chunk of flesh


   Skills:
 - Level 2.6 Dodging
 - Level 2.1 Stealth
 + Level 3.5 Spellcasting
 * Level 6.2 Summonings
 * Level 2.0 Air Magic


You had 5 spell levels left.
You knew the following spells:

 Your Spells              Type           Power        Failure   Level  Hunger
a - Summon Small Mammal   Summ           ###.         2%          1    None
b - Call Imp              Summ           ###.....     3%          2    ##.....
c - Summon Lightning Spi  Summ/Air       ###.....     45%         4    ####...

Your spell library contained the following spells:

 Spells                   Type           Power        Failure   Level  Hunger
 Call Canine Familiar     Summ           ###.....     6%          3    ###....
 Summon Guardian Golem    Hex/Summ       ##......     24%         3    ###....
 Summon Ice Beast         Ice/Summ       ##......     61%         4    ####...


Dungeon Overview and Level Annotations

Branches:
Dungeon (4/15)
 Temple: D:4-7

Altars:
Gozag
Trog
Xom

Shops:
D:4 *

Annotations:
D:4 Menkaure


Message History

Casting: Call Imp (safe; 3% risk of failure)
Confirm with . or Enter, or press ? or * to list all spells.
A shadowy apparition takes form in the air.
Menkaure calls on the powers of darkness!
Your body is wracked with pain!
Menkaure hits you!
* * * LOW HITPOINT WARNING * * *
Your shadow imp hits Menkaure.
You hit Menkaure. You burn Menkaure.
Menkaure is moderately damaged.
Menkaure barely misses you.
Your shadow imp hits Menkaure but does no damage.
Your iron imp hits Menkaure!
You barely miss Menkaure.
Menkaure is severely damaged.
Menkaure barely misses you.
Your shadow imp hits Menkaure.
Menkaure barely misses you.
Your iron imp barely misses Menkaure.
You barely miss Menkaure.
Menkaure is severely damaged.
Menkaure hits you!
You die...

...# #####...# ####
####.......# #...
#..5.......# #...
#.##.......# #...
#.#<#.###### #...
#.#.#.##########...
###.#.#....5.........
#...@.########...#§§.
#...M5.......#.....§.
#...5.######.##......
#....## #......
#........M.. #......
#....####### #######
#####. ?. ..#######
.. ........#


You could see Menkaure, a friendly iron imp and a friendly shadow imp.

Vanquished Creatures
  Eustachio (D:4)
  A phantom (D:4)
  A bullfrog skeleton (D:4)
  A hound skeleton (D:4)
  A worm (D:4)
  An orc (D:3)
  3 giant cockroaches
  2 goblins
  2 hobgoblins (D:3)
  2 jackals (D:3)
  5 bats
  3 frilled lizards
  2 kobolds
  4 rats (D:3)
29 creatures vanquished.

Vanquished Creatures (collateral kills)
  Crazy Yiuf (D:4)
  An orc priest (D:3)
  5 adders
  An ooze (D:4)
  2 worms
  A dart slug (D:1)
  A leopard gecko (D:3)
  7 orcs (D:3)
  3 ball pythons
  3 giant cockroaches
  6 goblins
  8 hobgoblins
  10 jackals
  2 quokkas
  5 bats
  A frilled lizard (D:3)
  4 kobolds
  A leopard gecko skeleton (D:4)
  2 rats
64 creatures vanquished.

Grand Total: 93 creatures vanquished

Notes
Turn   | Place    | Note
-------+----------+-------------------------------------------
     0 | D:1      | Kohma the Merfolk Summoner began the quest for the Orb.
     0 | D:1      | Reached XP level 1. HP: 13/13 MP: 3/3
   394 | D:1      | Reached XP level 2. HP: 17/19 MP: 5/5
   986 | D:1      | Learned a level 2 spell: Call Imp
  1032 | D:2      | Reached XP level 3. HP: 18/24 MP: 4/6
  1358 | D:2      | Found an opulent altar of Gozag.
  1358 | D:2      | Found a bloodstained altar of Trog.
  1479 | D:2      | Found a faded altar of an unknown god.
  2076 | D:3      | Reached skill level 5 in Summonings
  2076 | D:3      | Reached XP level 4. HP: 11/30 MP: 1/8
  2350 | D:3      | Found a shimmering altar of Xom.
  3877 | D:3      | Learned a level 4 spell: Summon Lightning Spire
  3946 | D:4      | HP: 1/30 [bullfrog skeleton (5)]
  4240 | D:4      | Reached XP level 5. HP: 21/35 MP: 6/9
  4363 | D:4      | Noticed Eustachio
  4390 | D:4      | Killed Eustachio
  4390 | D:4      | Reached skill level 1 in Air Magic
  4390 | D:4      | Reached XP level 6. HP: 33/41 MP: 2/11
  4478 | D:4      | Found Xoyck's Assorted Antiques.
  4481 | D:4      | Bought a scroll labeled KOESAGOOBB for 25 gold pieces
  4481 | D:4      | Bought a scroll labeled KAENEA MIAHILU for 25 gold pieces
  4481 | D:4      | Bought a scroll labeled PASKAR AWASEO for 25 gold pieces
  4481 | D:4      | Noticed a phantom
  4584 | D:4      | Killed a phantom
  4584 | D:4      | Reached skill level 6 in Summonings
  4911 | D:4      | Found a runed translucent door.
  4912 | D:4      | Noticed Crazy Yiuf
  4927 | D:4      | Killed Crazy Yiuf
  4939 | D:4      | Got a fine mace
  4940 | D:4      | Identified the +5 mace "Arcanum" {flame, MR++ Dex-4} (You
                  | found it on level 4 of the Dungeon)
  5151 | D:4      | Noticed Menkaure
  5162 | D:4      | Slain by Menkaure

Levels and vault maps discovered:
D:1:      psy_arrival_spokes, layout_basic
D:2:      layout_rooms, gammafunk_temple_overflow_wave, first_ration,
          chequers_ecumenical_altar_island
D:3:      layout_basic, overflow_temple_1_default
D:4:      layout_basic, amethyst_overflow_temple_binary, serial_shops,
          kennysheep_mini, minmay_statues_item, uniq_menkaure,
          uniq_crazy_yiuf_cottage, uniq_eustachio

Skill      XL: |  1  2  3  4  5  6 |
---------------+-------------------+-----
Summonings     | 5 6 |  6.2
Spellcasting   | 3 |  3.5
Air Magic      | 1 2 |  2.0
Dodging        | |  2.6
Stealth        | |  2.1

Action                   |  1- 3 |  4- 6 || total
-------------------------+-------+-------++-------
Melee: Dagger            |    53 |       ||    53
       Unarmed           |     8 |       ||     8
       Falchion          |    44 |    50 ||    94
       Tailslap          |     1 |       ||     1
       Spear             |       |    45 ||    45
       Mace              |       |    12 ||    12
 Cast: Summon Small Mamm |    24 |       ||    24
       Call Imp          |    15 |    43 ||    58
  Use: Potion            |       |     1 ||     1
       Scroll            |       |     4 ||     4
 Stab: Distracted        |       |     1 ||     1
  Eat: Chunk             |     5 |     9 ||    14
       Ration            |       |     1 ||     1
Armor: Robe              |    13 |       ||    13
       Leather armour    |    24 |    24 ||    48
       Skin              |       |     3 ||     3
Dodge: Dodged            |   105 |   111 ||   216
       Rpst.: Falchion   |    17 |    26 ||    43

Table legend:
 A = Non-vault XP
 B = Vault XP
 C = Vault XP percentage of total XP
 D = Non-vault monster count
 E = Vault monster count
 F = Vault count percentage of total count
                 A         B        C        D         E       F
            +---------+---------+-------+---------+---------+-------
      Total |     318 |     152 |  32.3 |      91 |       2 |   2.2
            +---------+---------+-------+---------+---------+-------
        D:1 |      26 |       0 |   0.0 |      20 |       0 |   0.0
        D:2 |      36 |       0 |   0.0 |      20 |       0 |   0.0
        D:3 |      95 |       0 |   0.0 |      41 |       0 |   0.0
        D:4 |     161 |     152 |  48.6 |      10 |       2 |  16.7
            +---------+---------+-------+---------+---------+-------
